 Dungeon Crawl Stone Soup version 0.25-a0-420-g1cc7eeb0d1 (webtiles) character file.

Game seed: 6218138441773447419, levelgen mode: deterministic

44 Kohma the Skirmisher (level 3, -1/33 HPs)
             Began as a Hill Orc Abyssal Knight on Jan 18, 2020.
             Was a Believer of Lugonu.
             Slain by a goblin
             ... wielding a +0 club
             ... led by Robin
              (3 damage)
             ... on level 2 of the Dungeon.
             The game lasted 00:02:56 (1283 turns).

Kohma the Skirmisher (Hill Orc Abyssal Knight)      Turns: 1283, Time: 00:02:56

Health: -1/33      AC:  3    Str: 15    XL:     3   Next: 62%
Magic:  5/5        EV:  8    Int: 12    God:    Lugonu [**....]
Gold:   76         SH:  7    Dex: 10    Spells: 2/2 levels left

rFire    . . .     SeeInvis .   a - +1 hand axe
rCold    . . .     Gourm    .   i - +0 shield
rNeg     . . .     Faith    .   b - +0 leather armour
rPois    .         Spirit   .   (no helmet)
rElec    .         Reflect  .   (no cloak)
rCorr    .         Harm     .   (no gloves)
MR       .....                  (no boots)
Stlth    +.........             (no amulet)
HPRegen  0.11/turn              (no ring)
MPRegen  0.09/turn              (no ring)

@: no status effects
A: no striking features
a: Depart the Abyss, Bend Space, Renounce Religion


You were on level 2 of the Dungeon.
You worshipped Lugonu.
Lugonu was pleased with you.
You were not hungry.

You visited 1 branch of the dungeon, and saw 2 of its levels.
You visited the Abyss 1 time.

You collected 76 gold pieces.

Inventory:

Hand Weapons
 a - a +1 hand axe (weapon)
Missiles
 f - 35 poisoned darts (quivered)
Armour
 b - a +0 leather armour (worn)
 i - a +0 shield (worn)
Scrolls
 e - 2 scrolls of enchant weapon {unknown}
 g - a scroll of blinking {unknown}
 h - a scroll of identify {unknown}
 j - a scroll of teleportation {unknown}
 l - a scroll of remove curse {unknown}
Potions
 d - a potion of lignification {unknown}
 k - a potion of might {unknown}
Comestibles
 c - 2 rations
 m - a chunk of flesh


   Skills:
 + Level 4.0 Fighting
 * Level 3.4 Axes
 - Level 2.5 Armour
 - Level 1.1 Dodging
 * Level 1.0 Shields
 + Level 3.0 Invocations


You had 2 spell levels left.
You didn't know any spells.
Your spell library was empty.

Dungeon Overview and Level Annotations

Branches:
Dungeon (2/15)

Altars:

Annotations:
D:2 Robin


Message History

Robin is lightly wounded.
Robin roars a battlecry!
The goblin goes into a battle-frenzy!
You hit Robin.
Robin is lightly wounded.
You closely miss the hobgoblin. Robin throws the goblin at you!
A goblin comes into view.
The hobgoblin hits you!
* * * LOW HITPOINT WARNING * * *
The goblin barely misses you. Robin throws the goblin at you!
The goblin closely misses you.
You hit the goblin.
The goblin is severely wounded.
You barely miss the hobgoblin. You barely miss the goblin.
The hobgoblin hits you.
* * * LOW HITPOINT WARNING * * *
Robin throws the goblin at you! The goblin hits you with a +0 dagger.
* * * LOW HITPOINT WARNING * * *
The goblin closely misses you. The goblin hits you with a +0 club.
You die...

#########
####........
.........#
###........#
..........#
..######........##.
......g............
#g...ggg)....#
#.####@####### .
#g# .##. #.#
########... #.#
#........# #.#
#........#
#.###........#
#............#
#####........#
#........#


You could see Robin, a hobgoblin and 4 goblins.

Vanquished Creatures
  3 dart slugs (D:1)
  A leopard gecko (D:1)
  4 giant cockroaches (D:1)
  7 goblins
  7 hobgoblins
  3 bats (D:1)
  2 frilled lizards (D:1)
  4 kobolds
  2 rats (D:1)
33 creatures vanquished.

Notes
Turn   | Place    | Note
-------+----------+-------------------------------------------
     0 | Abyss:1  | Kohma the Hill Orc Abyssal Knight began the quest for the
                  | Orb.
     0 | Abyss:1  | Reached XP level 1. HP: 19/19 MP: 2/2
    14 | D:1      | Escaped the Abyss
   220 | D:1      | Reached skill level 1 in Dodging
   220 | D:1      | Reached XP level 2. HP: 27/27 MP: 3/3
   700 | D:1      | Reached XP level 3. HP: 32/33 MP: 5/5
   723 | D:1      | Reached ** piety under Lugonu
   945 | D:1      | Reached skill level 4 in Fighting
  1270 | D:2      | Reached skill level 1 in Shields
  1272 | D:2      | Noticed Robin
  1283 | D:2      | Slain by a goblin

Levels and vault maps discovered:
D:1:      onia_arrival_pyramid, layout_loops_corners, minmay_pentomino_p2
D:2:      layout_basic, kennysheep_ying_yang,
          chequers_ecumenical_altar_simple_redux, minivault_4, uniq_natasha,
          uniq_robin

Skill      XL: |  1  2  3 |
---------------+----------+-----
Dodging        | 1 |  1.1
Axes           | 3 |  3.4
Invocations    | 3 |  3.0
Fighting       | 4 |  4.0
Shields        | 1 |  1.0
Armour         | |  2.5

Action                   || total
-------------------------++-------
Melee: Hand axe          ||   113
  Eat: Chunk             ||     1
Armor: Leather armour    ||    33
Dodge: Dodged            ||    49
Block: Shield            ||    21

Table legend:
 A = Non-vault XP
 B = Vault XP
 C = Vault XP percentage of total XP
 D = Non-vault monster count
 E = Vault monster count
 F = Vault count percentage of total count
                 A         B        C        D         E       F
            +---------+---------+-------+---------+---------+-------
      Total |      52 |      12 |  18.8 |      27 |       6 |  18.2
            +---------+---------+-------+---------+---------+-------
        D:1 |      47 |       2 |   4.1 |      24 |       1 |   4.0
        D:2 |       5 |      10 |  66.7 |       3 |       5 |  62.5
            +---------+---------+-------+---------+---------+-------
